[Event "Monday 02 April Rapid Engine Tour 12+1 Rounds 9 Starts 1600ST"]
[Site "Infinity Chess"]
[Date "2018.4.2"]
[Round "4"]
[White "RonWeasley"]
[Black "Prometheus"]
[Result "1/2-1/2"]
[ECO "A40"]
[WhiteElo "2442"]
[BlackElo "2444"]
[WhiteEngine "BrainFish 010418 WM_CTG"]
[BlackEngine "Eman 1.70-beta13 64-bit BMI2"]
[EventType "Swiss"]
[WhiteTeam ""]
[BlackTeam ""]
[PlyCount "153"]
[TimeControl "720+1"]

1. d4 c6 2. e4 d5 3. Nc3 dxe4 4. Nxe4 Bf5 5. Ng3 Bg6 6. h4 h6 7. h5 Bh7 
8. Nf3 e6 9. Bd3 Bxd3 10. Qxd3 Nf6 11. Bd2 Be7 12. O-O-O O-O 13. Ne4 Nxe4 
14. Qxe4 Qd5 15. Qg4 Kh8 16. Kb1 a5 17. Ne5 Nd7 18. f4 Nxe5 19. dxe5 Qe4 
20. Bc1 Rfd8 21. Rde1 Qc4 22. Qf3 Qd5 23. Qe2 Qb5 24. Qe3 Qc5 25. Qe2 Qb5 
26. Qe3 Qc5 27. g4 Qxe3 28. Bxe3 a4 29. Rd1 b5 30. c3 Kg8 31. Kc2 c5 32. Rhf1 c4 
33. Bb6 Rdb8 34. Bc7 Rb7 35. Bd6 Kf8 36. f5 Bxd6 37. Rxd6 Ke7 38. Rd4 exf5 
39. gxf5 Rc7 40. Rd5 a3 41. b3 cxb3+ 42. Kxb3 Rac8 43. Rd3 Rc5 44. Re3 Rd5 
45. Kxa3 Rcc5 46. f6+ gxf6 47. Rxf6 Rxe5 48. Rxe5+ Rxe5 49. Rxh6 f5 50. Rg6 f4 
51. h6 Rh5 52. Rg4 f3 53. Re4+ Kd6 54. Rf4 Rxh6 55. Rxf3 Kc5 56. Rf4 Kc6 
57. Rd4 Rh2 58. Rd1 Rh7 59. Kb3 Rh4 60. Rd3 Rh6 61. a3 Rh8 62. Kb4 Rh2 
63. Kb3 Kc5 64. Rd1 Rh3 65. Rd4 Rh2 66. Rd1 Rh3 67. Rf1 Rh2 68. Rf5+ Kb6 
69. Rf7 Rh6 70. Rf8 Ka7 71. Kb4 Rh1 72. Rf7+ Kb6 73. Rf6+ Ka7 74. Kxb5 Rb1+ 
75. Kc4 Ra1 76. Kb3 Rd1 77. a4 1/2-1/2

[Event "Monday 02 April Rapid Engine Tour 12+1 Rounds 9 Starts 1600ST"]
[Site "Infinity Chess"]
[Date "2018.4.2"]
[Round "4"]
[White "marudam"]
[Black "KhalidOmar"]
[Result "1/2-1/2"]
[ECO "C50"]
[WhiteElo "2443"]
[BlackElo "2448"]
[WhiteEngine "stockfish_CTG"]
[BlackEngine "Eman 1.70-beta13 64-bit BMI2"]
[EventType "Swiss"]
[WhiteTeam ""]
[BlackTeam ""]
[PlyCount "129"]
[TimeControl "720+1"]

1. e4 e5 2. Nf3 Nc6 3. Bc4 Bc5 4. O-O Nf6 5. d3 O-O 6. c3 d6 7. Nbd2 a5 8. h3 h6 
9. Re1 Be6 10. Bb5 Qb8 11. Nf1 Qa7 12. Re2 a4 13. Ng3 Qa5 14. Bxc6 bxc6 
15. Nh4 Rfe8 16. Re1 d5 17. exd5 cxd5 18. Rxe5 Bf8 19. Qc2 c5 20. Re1 Qd8 
21. Nf3 Bd6 22. d4 Qc7 23. Be3 Bxg3 24. fxg3 Qxg3 25. Bf2 Qf4 26. dxc5 Bxh3 
27. Qd2 Qg4 28. Nh4 Ne4 29. Qe3 Ng5 30. Qxe8+ Rxe8 31. Rxe8+ Kh7 32. Re3 f5 
33. Rd3 f4 34. Kf1 f3 35. gxh3 Qxh3+ 36. Kg1 Qg4+ 37. Kh1 Ne4 38. Rxf3 Nxf2+ 
39. Rxf2 Qxh4+ 40. Rh2 Qf4 41. Rg2 Qh4+ 42. Rh2 Qg4 43. Rf1 Qc4 44. Rd1 Qxa2 
45. Rg2 Qb3 46. Rf1 Qb7 47. c6 Qe7 48. Rf3 Qh4+ 49. Kg1 Qe1+ 50. Kh2 Qe8 
51. Rgg3 Qe2+ 52. Kh1 Qe5 53. Kg2 Qe7 54. Rf2 Qc7 55. Rf5 a3 56. bxa3 d4 
57. Rc5 Qe7 58. cxd4 Qe4+ 59. Kf1 Qh1+ 60. Kf2 Qh2+ 61. Kf3 Qh1+ 62. Ke2 Qh2+ 
63. Kf3 Qh1+ 64. Ke2 Qh2+ 65. Kf3 1/2-1/2

[Event "Monday 02 April Rapid Engine Tour 12+1 Rounds 9 Starts 1600ST"]
[Site "Infinity Chess"]
[Date "2018.4.2"]
[Round "4"]
[White "KULLANI"]
[Black "Marsell"]
[Result "1/2-1/2"]
[ECO "C55"]
[WhiteElo "2449"]
[BlackElo "2454"]
[WhiteEngine "BrainFish_180329_x64"]
[BlackEngine "asmFishW_2018-04-02_bmi2"]
[EventType "Swiss"]
[WhiteTeam ""]
[BlackTeam ""]
[PlyCount "265"]
[TimeControl "720+1"]

1. e4 e5 2. Nf3 Nc6 3. Bc4 Nf6 4. d3 Bc5 5. c3 d6 6. O-O O-O 7. h3 a6 8. b4 Ba7 
9. a4 h6 10. Nbd2 Ne7 11. Re1 Ng6 12. d4 Bd7 13. Nf1 c6 14. Bd3 a5 15. b5 cxb5 
16. axb5 Rc8 17. Bd2 Bb6 18. Ng3 Re8 19. Bf1 Qc7 20. Qb3 Be6 21. d5 Bd7 
22. c4 Ra8 23. Ra4 Bc5 24. Be3 Bxe3 25. Qxe3 Nf4 26. Nd2 b6 27. Ra3 Rab8 
28. Raa1 Bc8 29. Nf5 Ng6 30. Ng3 Nf4 31. Ra3 Qd8 32. Nb3 Nh7 33. Nd2 Nf6 
34. Ne2 Nxe2+ 35. Qxe2 Nd7 36. Nb3 Rb7 37. Qc2 h5 38. Qd2 Qf6 39. g3 h4 
40. Be2 hxg3 41. fxg3 Qg6 42. Qe3 Nf6 43. Bf1 Qh7 44. g4 Qh4 45. Ra2 Nd7 
46. Ree2 f6 47. Rg2 Rf8 48. Rg3 Rc7 49. Nd2 Nc5 50. Bd3 Kf7 51. Bc2 Bd7 
52. Nf1 Ke8 53. Qf2 Qh6 54. Ne3 Kd8 55. Qe2 Rc8 56. Ra1 Ra8 57. Nf5 Qh7 
58. Qe1 Kc7 59. Qc3 g6 60. Ne3 Qh4 61. Kh2 Qh6 62. Rf1 a4 63. Qa3 Qh4 
64. Ng2 Qh7 65. Ne3 Rh8 66. Ng2 Raf8 67. Ne3 Qh4 68. Kg2 Ra8 69. Kh2 Qg5 
70. Rf2 Kb7 71. Rf1 Qh4 72. Rf2 Kc7 73. Rf1 Rag8 74. Qc3 Rf8 75. Qb2 Qh6 
76. Qa3 Qh4 77. Qc3 Qh6 78. Kg1 Qh4 79. Kg2 Ra8 80. Qa3 Kb7 81. Rff3 Rhf8 
82. Rf1 Kc7 83. Qc3 Rh8 84. Qa3 Qg5 85. Rff3 Rhg8 86. Rf2 Qh4 87. Rf1 Raf8 
88. Qa1 Rh8 89. Qc3 Kb7 90. Qa3 Kb8 91. Kh2 Qg5 92. Kg1 Kc7 93. Kh2 Kb8 
94. Kg2 Kb7 95. Rf2 Rfg8 96. Nd1 Ra8 97. Ne3 Rh4 98. Kg1 Kc7 99. Rf1 Rh7 
100. Kh2 Qh4 101. Qc3 Rg8 102. Qb2 Ra8 103. Qa3 Rf8 104. Ng2 Qh6 105. Ne3 Qg7 
106. Kg1 Qh8 107. Kg2 Rhf7 108. Qb2 Ra8 109. Qc3 Rff8 110. Kh2 Qh4 111. Re1 Qh6 
112. Kg2 f5 113. exf5 e4 114. g5 Qh4 115. f6 Rh8 116. Ng4 Qxg5 117. Nf2 Qh4 
118. Nxe4 Rae8 119. Ng5 Rxe1 120. Qxe1 a3 121. Ne6+ Bxe6 122. dxe6 a2 
123. e7 Qxf6 124. Ra3 Ne6 125. Qe4 d5 126. Ra7+ Kb8 127. Ra8+ Kxa8 
128. Qxd5+ Ka7 129. Qd7+ Kb8 130. Qd6+ Ka7 131. Qd7+ Kb8 132. Qd6+ Ka7 133. Qd7+ 
1/2-1/2

[Event "Monday 02 April Rapid Engine Tour 12+1 Rounds 9 Starts 1600ST"]
[Site "Infinity Chess"]
[Date "2018.4.2"]
[Round "4"]
[White "Macho"]
[Black "KRAKEN"]
[Result "1/2-1/2"]
[ECO "C50"]
[WhiteElo "2457"]
[BlackElo "2464"]
[WhiteEngine "Cfish 2018-04-01 64 POPC_CTG"]
[BlackEngine "Raubfisch X38_CTG"]
[EventType "Swiss"]
[WhiteTeam ""]
[BlackTeam ""]
[PlyCount "193"]
[TimeControl "720+1"]

1. e4 e5 2. Nf3 Nc6 3. Bc4 Bc5 4. O-O Nf6 5. d3 d6 6. c3 O-O 7. h3 a6 8. Re1 Ba7 
9. a4 h6 10. Nbd2 Nh5 11. Nf1 Be6 12. Bxe6 fxe6 13. b4 Nf4 14. Ra2 Qe8 
15. Kh2 Qh5 16. Ng3 Qf7 17. Be3 Ng6 18. Rb2 Bxe3 19. fxe3 a5 20. Rf1 Qe8 
21. Qb3 Nb8 22. Ra2 b6 23. Qc4 Qe7 24. Raf2 Nd7 25. Qb3 axb4 26. cxb4 Kh7 
27. b5 Ra7 28. Qd1 Nc5 29. d4 Nd7 30. Qc2 Qe8 31. Qc1 exd4 32. exd4 e5 
33. Rc2 Qc8 34. dxe5 Ngxe5 35. Nf5 Qd8 36. Nxe5 Nxe5 37. Rc3 Rf7 38. Qc2 Kh8 
39. Kh1 Kh7 40. Kh2 Qa8 41. Ra1 Qd8 42. Kh1 Qg5 43. Ne3 Qh4 44. Nf5 Qg5 
45. Rd1 Kg8 46. Kg1 Kh8 47. Rf1 Qd8 48. Kh2 Kh7 49. Rd1 Qg5 50. Kg1 Kh8 
51. Rf1 Qd8 52. Kh2 Kg8 53. Rg3 Kh7 54. Kg1 Qf8 55. Ra3 Kh8 56. Rg3 Kh7 
57. Rc1 Qa8 58. Ra1 Qe8 59. Re3 Qd7 60. Rd1 Qe8 61. Rc3 Qa8 62. Ra3 Kh8 
63. Rc3 Kh7 64. Ra1 Qd8 65. Nd4 Kh8 66. Rc1 Qh4 67. Nc6 Nxc6 68. Rxc6 Qf4 
69. Rc3 Qg5 70. Qb3 Qf6 71. Rc4 Kh7 72. Qg3 Qb2 73. Qe1 Qe5 74. Qd2 Kg8 
75. R1c3 Kh7 76. Qd3 Kh8 77. Rc1 Rf4 78. R1c3 Kh7 79. Qd2 Rxe4 80. Qc2 d5 
81. Rxe4 Qxe4 82. Qxe4+ dxe4 83. Rc4 Kg6 84. Rxe4 Kf5 85. Rc4 g5 86. Kf2 h5 
87. g3 Ke5 88. Ke3 Ra8 89. Kd3 Rd8+ 90. Ke3 Ra8 91. g4 hxg4 92. hxg4 Kf6 
93. Rxc7 Rxa4 94. Rc6+ Ke5 95. Rxb6 Rxg4 96. Rg6 Kf5 97. Rb6 1/2-1/2

[Event "Monday 02 April Rapid Engine Tour 12+1 Rounds 9 Starts 1600ST"]
[Site "Infinity Chess"]
[Date "2018.4.2"]
[Round "4"]
[White "Eman"]
[Black "Gilgamesch"]
[Result "1/2-1/2"]
[ECO "D02"]
[WhiteElo "2506"]
[BlackElo "2476"]
[WhiteEngine "Eman 1.70-beta13 64-bit POPCNT"]
[BlackEngine "BrainFish_180401_x64_bmi2"]
[EventType "Swiss"]
[WhiteTeam ""]
[BlackTeam ""]
[PlyCount "109"]
[TimeControl "720+1"]

1. d4 d5 2. Nf3 Nf6 3. c4 e6 4. g3 Bb4+ 5. Bd2 Be7 6. Bg2 O-O 7. O-O Nbd7 
8. Qc2 c6 9. Rd1 b6 10. Bf4 Bb7 11. Ne5 Nh5 12. Bd2 Nhf6 13. cxd5 cxd5 
14. Nc6 Bxc6 15. Qxc6 Qc8 16. Qxc8 Rfxc8 17. Nc3 a6 18. e4 dxe4 19. Rac1 b5 
20. Kf1 Nb6 21. Nxe4 Nfd5 22. h4 Nc4 23. Nc3 Nxd2+ 24. Rxd2 Rc7 25. Bxd5 exd5 
26. Ne2 Rxc1+ 27. Nxc1 Rc8 28. Nd3 Bd6 29. Re2 g6 30. Nc5 a5 31. Nb7 Bf8 
32. Nxa5 Ra8 33. Nc6 Rxa2 34. Rc2 Ra4 35. Ke2 f6 36. Kd3 Ra8 37. Kc3 Kf7 
38. Nb4 Rc8+ 39. Kd3 Rxc2 40. Nxc2 Ke6 41. Ne3 h5 42. Ke2 g5 43. b3 Bh6 
44. Kf3 gxh4 45. gxh4 Bxe3 46. fxe3 b4 47. Kf4 Ke7 48. e4 dxe4 49. Kxe4 Ke6 
50. d5+ Kd6 51. Kf5 Kxd5 52. Kxf6 Kd4 53. Kg5 Kc3 54. Kxh5 Kxb3 55. Kh6 1/2-1/2

[Event "Monday 02 April Rapid Engine Tour 12+1 Rounds 9 Starts 1600ST"]
[Site "Infinity Chess"]
[Date "2018.4.2"]
[Round "4"]
[White "Brtroy"]
[Black "MCDermont"]
[Result "1/2-1/2"]
[ECO "E10"]
[WhiteElo "2508"]
[BlackElo "2510"]
[WhiteEngine "Stockfish_18040103_x64_bmi2_CTG"]
[BlackEngine "BrainFish 010418 WM_CTG"]
[EventType "Swiss"]
[WhiteTeam ""]
[BlackTeam ""]
[PlyCount "75"]
[TimeControl "720+1"]

1. d4 Nf6 2. c4 e6 3. Nf3 d5 4. Nc3 c6 5. e3 Nbd7 6. Bd3 dxc4 7. Bxc4 b5 
8. Bd3 a6 9. e4 c5 10. e5 cxd4 11. Nxb5 axb5 12. exf6 gxf6 13. O-O Qb6 
14. Bf4 Bb7 15. Qe2 Bd6 16. Bxd6 Qxd6 17. Be4 Bxe4 18. Qxe4 O-O 19. Nxd4 Qe5 
20. Qh4 Rfc8 21. Rad1 Rxa2 22. Nf3 Qc7 23. Qh6 Ra4 24. b4 Qd8 25. Rd4 Qf8 
26. Qh5 Nb6 27. Qxb5 Rb8 28. Rh4 h6 29. g3 Ra7 30. Qe2 Ra4 31. Nd4 Rxb4 
32. Rd1 Rd8 33. Kg2 Rd7 34. Qg4+ Kh7 35. Qe4+ Kg8 36. Qg4+ Kh7 37. Qe4+ Kg8 
38. Qg4+ 1/2-1/2

[Event "Monday 02 April Rapid Engine Tour 12+1 Rounds 9 Starts 1600ST"]
[Site "Infinity Chess"]
[Date "2018.4.2"]
[Round "4"]
[White "MarioDeMonti"]
[Black "ivrdurant"]
[Result "1/2-1/2"]
[ECO "C53"]
[WhiteElo "2513"]
[BlackElo "2447"]
[WhiteEngine "stockfish_x64_bmi2_2018_02_18_CTG"]
[BlackEngine "Raubfisch ME262_GTZ16d4"]
[EventType "Swiss"]
[WhiteTeam ""]
[BlackTeam ""]
[PlyCount "45"]
[TimeControl "720+1"]

1. e4 e5 2. Nf3 Nc6 3. Bc4 Bc5 4. c3 Nf6 5. d3 a5 6. O-O d6 7. Re1 Ba7 
8. Nbd2 O-O 9. h3 h6 10. a4 Be6 11. b3 d5 12. exd5 Nxd5 13. Ne4 Re8 14. Bd2 Nf6 
15. Qe2 Qe7 16. Bb5 Nxe4 17. Qxe4 Qd6 18. Bxc6 bxc6 19. Nxe5 Bd5 20. Qf5 Be6 
21. Qe4 Bd5 22. Qf5 Be6 23. Qe4 1/2-1/2

[Event "Monday 02 April Rapid Engine Tour 12+1 Rounds 9 Starts 1600ST"]
[Site "Infinity Chess"]
[Date "2018.4.2"]
[Round "4"]
[White "SkyPilot"]
[Black "Murx"]
[Result "1/2-1/2"]
[ECO "E10"]
[WhiteElo "2505"]
[BlackElo "2492"]
[WhiteEngine "stockfish_x64_bmi2_2018_03_30_CTG"]
[BlackEngine "BrainFish_180329_x64_modern"]
[EventType "Swiss"]
[WhiteTeam ""]
[BlackTeam ""]
[PlyCount "211"]
[TimeControl "720+1"]

1. d4 Nf6 2. c4 e6 3. Nf3 d5 4. Nc3 c6 5. Bg5 h6 6. Bh4 dxc4 7. e4 g5 8. Bg3 b5 
9. Be2 Bb7 10. h4 g4 11. Ne5 Nbd7 12. Nxd7 Qxd7 13. Be5 Qe7 14. O-O Rg8 
15. b3 Bg7 16. Qc2 c5 17. Rad1 b4 18. Bxf6 Bxf6 19. e5 bxc3 20. exf6 Qxf6 
21. Qxc3 Qxh4 22. Bxc4 a6 23. dxc5 g3 24. fxg3 Qxg3 25. Qxg3 Rxg3 26. Rf2 Ke7 
27. Rd6 Rag8 28. Bf1 a5 29. Rfd2 Bd5 30. Ra6 f5 31. Rxa5 Rc3 32. Ra7+ Kf6 
33. Ra6 Ke5 34. Re2+ Be4 35. b4 h5 36. Rd6 Rc1 37. Red2 Bd5 38. Re2+ Kf6 
39. Rd2 Ke5 40. Re2+ Kf6 41. Rd2 Ke7 42. R6xd5 exd5 43. Rxd5 Ke6 44. Rd2 Rg4 
45. b5 Rb4 46. a4 Rxa4 47. c6 h4 48. Rb2 Raa1 49. Re2+ Kf6 50. Rf2 Rab1 
51. Kh2 Ke6 52. b6 Rxb6 53. Bd3 Rc5 54. c7 Rbc6 55. Rf4 Rxc7 56. Rxh4 Kf6 
57. Be2 Ke5 58. Rh5 Kf4 59. Rh3 Ke5 60. Re3+ Kf6 61. Rd3 Rc3 62. Rd6+ Ke5 
63. Rh6 R3c6 64. Rh5 Rc2 65. Bd1 Rb2 66. Bf3 Rd2 67. Rh6 Rc8 68. Kh3 Rg8 
69. Rh5 Kf4 70. Rh4+ Ke3 71. Rb4 Rh8+ 72. Kg3 Rg8+ 73. Kh3 Rd4 74. Rb3+ Kf4 
75. Kh2 Rh8+ 76. Kg1 Rg8 77. Kf2 Rgd8 78. Kg1 R8d6 79. Kf2 Rd8 80. Rb5 Rd2+ 
81. Kg1 Rc8 82. Rb3 Rh8 83. Rb4+ Kg3 84. Rb3 Kf4 85. Rb4+ Kg3 86. Rb6 Rhd8 
87. Rg6+ Kf4 88. Rh6 Rb2 89. Rh4+ Ke3 90. Ra4 Rb6 91. Ra3+ Kf4 92. Kh2 Rdb8 
93. Ra7 Rh6+ 94. Kg1 Rhb6 95. Kh2 Rh8+ 96. Kg1 Rd8 97. Rh7 Rdb8 98. Kh2 Rb1 
99. Rh6 Ra1 100. Rh4+ Ke5 101. Kg3 Rf1 102. Rh5 Ra1 103. Bg4 Rb3+ 104. Kh2 Rf1 
105. Bf3 Kf6 106. Kh3 1/2-1/2

[Event "Monday 02 April Rapid Engine Tour 12+1 Rounds 9 Starts 1600ST"]
[Site "Infinity Chess"]
[Date "2018.4.2"]
[Round "4"]
[White "OlivierEvan"]
[Black "xeonrocks"]
[Result "1/2-1/2"]
[ECO "A06"]
[WhiteElo "2475"]
[BlackElo "2555"]
[WhiteEngine "Houdini 6"]
[BlackEngine "Stockfish_x64_bmi2_CTG"]
[EventType "Swiss"]
[WhiteTeam ""]
[BlackTeam ""]
[PlyCount "222"]
[TimeControl "720+1"]

1. Nf3 d5 2. b3 Nf6 3. Bb2 Bf5 4. g3 c5 5. Bg2 Nc6 6. O-O e6 7. d3 Be7 
8. Nbd2 O-O 9. Ne5 Nxe5 10. Bxe5 Ng4 11. Bb2 Bf6 12. Qc1 Bg6 13. Nf3 Qd6 
14. c4 Rac8 15. h3 Bxb2 16. Qxb2 Nf6 17. Ne5 b6 18. e3 dxc4 19. bxc4 Nd7 
20. Nxg6 hxg6 21. Rfd1 Ne5 22. Qa3 Rc7 23. Qb3 Rd8 24. Qc3 Nc6 25. Rac1 g5 
26. Qb2 e5 27. Ra1 g6 28. Bf3 Qe6 29. Bg4 f5 30. Bf3 Qf6 31. a3 Kg7 32. Kg2 Rf7 
33. Qe2 Rc7 34. Re1 Rcd7 35. Rad1 Rh8 36. Qb2 Re7 37. Bd5 Rc7 38. Bf3 Ne7 
39. Rh1 Nc6 40. Qc2 Rf7 41. Bd5 Rd7 42. Bf3 Rc7 43. Bd5 Rd7 44. Bf3 Rc7 
45. Qb2 Rd8 46. Qc1 Rcd7 47. Qc2 Rc7 48. Bd5 Ne7 49. Bf3 Rdc8 50. Rhe1 Rf8 
51. Qb2 Rd7 52. Rh1 Nc6 53. Bd5 Rh8 54. Qb5 Rc7 55. Qb2 Ne7 56. Bf3 Rh7 
57. Ra1 Nc6 58. Bd5 Rc8 59. Rae1 Ne7 60. Bf3 Rd8 61. Qe2 Nc6 62. Rd1 Rhh8 
63. Qb2 Ne7 64. Qc3 Qd6 65. Qa1 Qe6 66. Qb2 Qf6 67. Qc3 Rb8 68. Qb3 Rhf8 
69. Rhf1 Rf7 70. Qc3 Nc6 71. Bd5 Rff8 72. Kg1 Rbe8 73. Qc2 Ne7 74. Qe2 Nxd5 
75. cxd5 f4 76. Qf3 Qe7 77. e4 Qd7 78. Kg2 Rf7 79. Ra1 Rc8 80. a4 c4 
81. Rfc1 fxg3 82. Qxg3 Rcf8 83. Qxe5+ Kh6 84. Ra2 cxd3 85. Qe6 Qxe6 86. dxe6 Re7 
87. Rc6 Rf6 88. Rd2 Rfxe6 89. Rxe6 Rxe6 90. Kf3 Rd6 91. Ke3 Kg7 92. Rxd3 Rxd3+ 
93. Kxd3 Kf6 94. f3 Ke5 95. Kc4 a6 96. Kd3 b5 97. axb5 axb5 98. Kc3 Kd6 
99. Kb3 Kc5 100. Kc3 b4+ 101. Kd3 Kb5 102. Kc2 Kc4 103. Kb1 b3 104. Kc1 Kd4 
105. Kb2 Kc4 106. Kc1 Kc5 107. Kb1 Kb5 108. Kb2 Kb4 109. Kb1 Kb5 110. Kb2 Kb4 
111. Kb1 Kb5 1/2-1/2

[Event "Monday 02 April Rapid Engine Tour 12+1 Rounds 9 Starts 1600ST"]
[Site "Infinity Chess"]
[Date "2018.4.2"]
[Round "3"]
[White "Dovahkiin"]
[Black "MGR"]
[Result "1/2-1/2"]
[ECO "C50"]
[WhiteElo "2379"]
[BlackElo "2459"]
[WhiteEngine "BrainFish_180329_x64_modern_CTG"]
[BlackEngine "asmFishW_2018-02-19_bmi2"]
[EventType "Swiss"]
[WhiteTeam ""]
[BlackTeam ""]
[PlyCount "181"]
[TimeControl "720+1"]

1. e4 e5 2. Nf3 Nc6 3. Bc4 Bc5 4. a4 Nf6 5. d3 a5 6. c3 O-O 7. O-O d6 8. Bg5 h6 
9. Bh4 g5 10. Bg3 Kg7 11. Nbd2 Ba7 12. Re1 Ng8 13. Nf1 h5 14. h3 Nh6 15. d4 g4 
16. Bh4 f6 17. Ng3 Qe8 18. Nh2 Kh8 19. Ra3 Qg6 20. Rb3 exd4 21. Ne2 d3 
22. Nf4 Qh7 23. Bxd3 Ne5 24. Bc2 Bc5 25. Rb5 Bd7 26. Rxb7 Bc6 27. Rb5 Bxb5 
28. axb5 Rab8 29. hxg4 hxg4 30. Bg3 Rxb5 31. b3 Rbb8 32. Ne6 Rfe8 33. Nxc5 dxc5 
34. Qe2 Kg7 35. Bxe5 Rxe5 36. Rd1 Kf8 37. g3 Rh5 38. e5 f5 39. e6 Ng8 
40. Rd7 Ne7 41. Qe5 Rxh2 42. Qf6+ Kg8 43. Qg5+ Kf8 44. Qf6+ Kg8 45. Qg5+ Qg7 
46. Qxg7+ Kxg7 47. Kxh2 Kf6 48. Rxc7 a4 49. b4 cxb4 50. cxb4 Rxb4 51. Kg2 a3 
52. Ra7 Rb2 53. Bd3 Rb3 54. Bc4 Rc3 55. Ba2 Rd3 56. Ra8 Kg6 57. Ra7 Kf6 
58. Ra8 Rf3 59. Rf8+ Ke5 60. Ra8 Kf6 61. Ra7 Rc3 62. Ra8 Ng6 63. Ra6 f4 
64. e7+ Kxe7 65. Re6+ Kd7 66. Rxg6 fxg3 67. Bd5 gxf2 68. Kxf2 a2 69. Ra6 g3+ 
70. Kg2 a1=Q 71. Rxa1 Kd6 72. Bf3 Rc7 73. Kxg3 Ke5 74. Re1+ Kd4 75. Bg4 Rf7 
76. Be6 Rf8 77. Kg4 Rf2 78. Bf5 Ra2 79. Kf4 Rf2+ 80. Kg4 Rh2 81. Kf3 Rh5 
82. Kf4 Rh4+ 83. Bg4 Rh8 84. Rd1+ Kc3 85. Bf3 Kc2 86. Rd6 Rc8 87. Be4+ Kb3 
88. Rd1 Rc7 89. Ke3 Kb4 90. Kd4 Rc4+ 91. Ke5 1/2-1/2

[Event "Monday 02 April Rapid Engine Tour 12+1 Rounds 9 Starts 1600ST"]
[Site "Infinity Chess"]
[Date "2018.4.2"]
[Round "3"]
[White "CrapCleaner"]
[Black "hafaba"]
[Result "1/2-1/2"]
[ECO "C65"]
[WhiteElo "2406"]
[BlackElo "2392"]
[WhiteEngine "Raubfisch ME262_GTZ16e2_CTG"]
[BlackEngine "Eman 1.70-beta13 64-bit POPCNT"]
[EventType "Swiss"]
[WhiteTeam ""]
[BlackTeam ""]
[PlyCount "122"]
[TimeControl "720+1"]

1. e4 e5 2. Nf3 Nc6 3. Bb5 Nf6 4. d3 d6 5. O-O Be7 6. c3 a6 7. Ba4 O-O 
8. Nbd2 b5 9. Bc2 d5 10. h3 dxe4 11. dxe4 Bc5 12. b4 Bb6 13. a4 Be6 14. Kh2 Ne8 
15. Qe2 Nd6 16. Rd1 Qe7 17. a5 Ba7 18. Nf1 Rac8 19. Ne3 f6 20. Nd5 Qf7 
21. Be3 Bxe3 22. Qxe3 Rfe8 23. Nh4 g6 24. Bb3 Ne7 25. Rab1 f5 26. Nf3 Nxe4 
27. Nxe5 Nxd5 28. Bxd5 Qf6 29. Nd7 Qxc3 30. Rd3 Qg7 31. Bxe6+ Rxe6 32. f3 Re7 
33. fxe4 fxe4 34. Rd4 Rxd7 35. Rxe4 Qf7 36. Re6 Rd3 37. Qe5 Rd6 38. Re7 Qf6 
39. Qxf6 Rxf6 40. Rc1 Rf4 41. Rexc7 Rxc7 42. Rxc7 Rxb4 43. Ra7 g5 44. Rxa6 Ra4 
45. Kg3 Kf7 46. Kf2 Ra3 47. Ra7+ Kg6 48. a6 b4 49. Rb7 Ra2+ 50. Kf3 Rxa6 
51. Rxb4 Ra3+ 52. Kf2 Ra2+ 53. Ke3 Rxg2 54. Kf3 Rh2 55. h4 Ra2 56. hxg5 Kxg5 
57. Rb5+ Kg6 58. Rb6+ Kf5 59. Rb5+ Kg6 60. Rb6+ Kf5 61. Rb5+ Kg6 1/2-1/2

[Event "Monday 02 April Rapid Engine Tour 12+1 Rounds 9 Starts 1600ST"]
[Site "Infinity Chess"]
[Date "2018.4.2"]
[Round "3"]
[White "Mr Aj"]
[Black "Vimtiroba"]
[Result "1/2-1/2"]
[ECO "A06"]
[WhiteElo "2438"]
[BlackElo "2446"]
[WhiteEngine "Houdini 6"]
[BlackEngine "SF9 ''A1''_CTG"]
[EventType "Swiss"]
[WhiteTeam ""]
[BlackTeam ""]
[PlyCount "116"]
[TimeControl "720+1"]

1. Nf3 d5 2. d4 Nf6 3. c4 e6 4. Nc3 c6 5. e3 Nbd7 6. h3 Bd6 7. Be2 O-O 
8. O-O Re8 9. b3 b6 10. a4 Bb4 11. Bb2 Bb7 12. Qc2 Rc8 13. Ne5 c5 14. Na2 Ba5 
15. Bf3 Qe7 16. Rfd1 Nf8 17. Qe2 Ng6 18. Nxg6 hxg6 19. cxd5 Nxd5 20. Rac1 Red8 
21. dxc5 bxc5 22. Nc3 Nxc3 23. Bxc3 Rxd1+ 24. Qxd1 Rd8 25. Qe2 Bxf3 26. Qxf3 Bb4 
27. Bxb4 cxb4 28. a5 Rd5 29. a6 Qd6 30. Qg4 Kh7 31. Qh4+ Rh5 32. Qf4 Qxf4 
33. exf4 Ra5 34. Rc4 Rxa6 35. Rxb4 Ra1+ 36. Kh2 Ra2 37. Kg3 a5 38. Rb6 Rb2 
39. Rb5 Ra2 40. Kf3 a4 41. bxa4 Ra3+ 42. Kg4 Rxa4 43. Kg3 Ra3+ 44. f3 Ra8 
45. h4 Kg8 46. Rb7 Rf8 47. Kf2 Ra8 48. g3 Ra2+ 49. Ke3 Ra3+ 50. Kf2 Ra2+ 
51. Kg1 Kf8 52. g4 Ra4 53. Rb8+ Ke7 54. Rb7+ Ke8 55. Rb8+ Kd7 56. Rb7+ Ke8 
57. Rb8+ Kd7 58. Rb7+ Ke8 1/2-1/2

[Event "Monday 02 April Rapid Engine Tour 12+1 Rounds 9 Starts 1600ST"]
[Site "Infinity Chess"]
[Date "2018.4.2"]
[Round "3"]
[White "Thinker"]
[Black "CoffeeOne"]
[Result "1/2-1/2"]
[ECO "C55"]
[WhiteElo "2462"]
[BlackElo "2480"]
[WhiteEngine "BrainFish_180329_x64_modern_CTG"]
[BlackEngine "Houdini 6"]
[EventType "Swiss"]
[WhiteTeam ""]
[BlackTeam ""]
[PlyCount "115"]
[TimeControl "720+1"]

1. e4 e5 2. Nf3 Nc6 3. Bc4 Nf6 4. d3 Bc5 5. c3 d6 6. O-O O-O 7. h3 a5 
8. Nbd2 Be6 9. Bb5 h6 10. Re1 Qb8 11. Nf1 Qa7 12. Be3 Bxe3 13. Nxe3 Ne7 
14. a4 Ng6 15. Bc4 Nf4 16. Qc2 Bxc4 17. Nxc4 Qa6 18. b3 Rfe8 19. Kh2 Qc6 
20. Rad1 b6 21. d4 exd4 22. Nxd4 Qc5 23. g3 Ne6 24. e5 dxe5 25. Rxe5 Nxd4 
26. cxd4 Qc6 27. d5 Qc5 28. Rf5 Ne4 29. Rf4 Nd6 30. Kg2 Rad8 31. Qd3 Nxc4 
32. Rxc4 Qd6 33. Qf3 c5 34. Re4 g6 35. Rxe8+ Rxe8 36. g4 Kf8 37. Qc3 Re5 
38. Qg3 Ke7 39. Qf4 g5 40. Qc4 f5 41. Qa6 f4 42. Qc8 Rxd5 43. Qb7+ Ke6 
44. Re1+ Re5 45. Qc8+ Kf7 46. Rxe5 Qxe5 47. Qb7+ Kf8 48. Qxb6 f3+ 49. Kxf3 Qf4+ 
50. Ke2 Qe4+ 51. Kd1 Qd4+ 52. Kc1 Qc3+ 53. Kb1 Qe1+ 54. Ka2 Qd2+ 55. Ka1 Qe1+ 
56. Ka2 Qd2+ 57. Ka1 Qe1+ 58. Ka2 1/2-1/2

[Event "Monday 02 April Rapid Engine Tour 12+1 Rounds 9 Starts 1600ST"]
[Site "Infinity Chess"]
[Date "2018.4.2"]
[Round "3"]
[White "star99"]
[Black "beka"]
[Result "1/2-1/2"]
[ECO "D02"]
[WhiteElo "2401"]
[BlackElo "2374"]
[WhiteEngine "Cryptic Heroes 9.2B"]
[BlackEngine "stockfish_18032408_32bit"]
[EventType "Swiss"]
[WhiteTeam ""]
[BlackTeam ""]
[PlyCount "50"]
[TimeControl "720+1"]

1. d4 d5 2. Nf3 Nf6 3. c4 e6 4. Nc3 c6 5. Bg5 h6 6. Bxf6 Qxf6 7. e3 Nd7 
8. Bd3 dxc4 9. Bxc4 g6 10. Qc2 Bg7 11. Rd1 Qe7 12. O-O O-O 13. Be2 b6 
14. Qa4 Bb7 15. Ba6 Bxa6 16. Qxa6 c5 17. a3 Rfd8 18. Rfe1 h5 19. h3 Qd6 
20. Rc1 Qe7 21. Qb7 Rdb8 22. Qc7 Rc8 23. Qb7 Rcb8 24. Qc7 Rc8 25. Qb7 Rcb8 
1/2-1/2

[Event "Monday 02 April Rapid Engine Tour 12+1 Rounds 9 Starts 1600ST"]
[Site "Infinity Chess"]
[Date "2018.4.2"]
[Round "3"]
[White "ocirema"]
[Black "Prometheus"]
[Result "1/2-1/2"]
[ECO "B50"]
[WhiteElo "2433"]
[BlackElo "2444"]
[WhiteEngine "stockfish_18040103_x64_modern_CTG"]
[BlackEngine "Eman 1.70-beta13 64-bit BMI2"]
[EventType "Swiss"]
[WhiteTeam ""]
[BlackTeam ""]
[PlyCount "110"]
[TimeControl "720+1"]

1. e4 c5 2. Nf3 d6 3. Nc3 Nf6 4. d4 cxd4 5. Nxd4 a6 6. Be3 e5 7. Nb3 Be6 
8. Be2 Be7 9. O-O O-O 10. Qd3 Nc6 11. a3 Rc8 12. Nd5 Nd7 13. Rad1 Bg5 
14. Bxg5 Qxg5 15. g3 b5 16. Rc1 Kh8 17. Qe3 Qxe3 18. fxe3 Bxd5 19. exd5 Ne7 
20. c4 bxc4 21. Bxc4 Rb8 22. e4 Nf6 23. Na5 Rxb2 24. Bd3 Rc8 25. Nc4 Rb3 
26. Nxd6 Rxc1 27. Rxc1 Rxd3 28. Rc7 h5 29. Rxe7 Kg8 30. Rxe5 Kf8 31. Rf5 Ke7 
32. Nb7 g6 33. d6+ Rxd6 34. Nxd6 gxf5 35. Nxf5+ Ke6 36. Kf1 Ke5 37. Ke2 Nxe4 
38. Ng7 Nf6 39. Kf3 a5 40. h3 Kd4 41. Kf4 a4 42. Kf5 Nh7 43. Nxh5 Kc4 44. g4 Kb3 
45. h4 Kxa3 46. g5 Kb3 47. Nf4 a3 48. Nd3 Kc3 49. Nc1 Kc2 50. Na2 Kb1 51. Nb4 a2 
52. Nxa2 Kxa2 53. h5 Nf8 54. g6 fxg6+ 55. hxg6 Nxg6 1/2-1/2